 Dungeon Crawl Stone Soup version 0.30-a0-760-g5a9884bb7c (webtiles) character file.

Game seed: 16238001419496365074

16 Leeroy the Grasshopper (level 2, 0/15 HPs)
             Began as a Vine Stalker Warper on Feb 10, 2023.
             Constricted to death by a ball python (1 damage)
             ... on level 1 of the Dungeon.
             The game lasted 00:00:29 (356 turns).

Leeroy the Grasshopper (Vine Stalker Warper)         Turns: 356, Time: 00:00:29

Health: 0/15       AC:  3    Str: 13    XL:     2   Next: 58%
Magic:  0/6        EV:  8    Int: 13    God:
Gold:   14         SH:  0    Dex: 13    Spells: 5/5 levels left

rFire   . . .      SeeInvis .    a - +0 falchion
rCold   . . .      Faith    .    (no shield)
rNeg    . . .      Spirit   +    b - +0 leather armour
rPois   .          Reflect  .    (no helmet)
rElec   .          Harm     .    (no cloak)
rCorr   .          Rampage  .    (no gloves)
Will    .....                    (no boots)
Stlth   +                        (no amulet)
HPRegen 0.22/turn                (no ring)
MPRegen 0.10/turn                (no ring)

@: constricted
A: fangs 2, magic shield, antimagic bite, no potion heal 2
a: no special abilities


You were on level 1 of the Dungeon.
You visited 1 branch of the dungeon, and saw 1 of its levels.

You collected 14 gold pieces.

Inventory:

Hand Weapons
 a - a +0 falchion (weapon)
Missiles
 d - 7 boomerangs of dispersal (quivered)
 g - 2 poisoned darts
Armour
 b - a +0 leather armour (worn)
Magical Staves
 k - a staff of death
Scrolls
 c - a scroll of blinking
 f - a scroll of immolation {unknown}
Potions
 e - a potion of invisibility {unknown}
 h - a potion of lignification {unknown}
 i - a potion of cancellation {unknown}
 j - a potion of degeneration {unknown}


   Skills:
 - Level 1.7 Fighting
 + Level 2.8 Long Blades
 - Level 0.8 Throwing
 - Level 0.7 Armour
 - Level 1.5 Dodging
 - Level 2.1 Spellcasting
 - Level 3.0 Translocations


You had 5 spell levels left.
You didn't know any spells.
Your spell library contained the following spells:

 Spells                   Type           Power      Damage    Failure   Level
 Blink                    Tloc           18%        N/A       14%         2
 Lesser Beckoning         Tloc           18%        N/A       14%         2
 Momentum Strike          Conj/Tloc      10%        3d8       26%         2
 Teleport Other           Tloc           9%         N/A       28%         3
 Vhi's Electric Charge    Tloc/Air       10%        N/A       45%         3
 Manifold Assault         Tloc           9%         N/A       67%         4


Dungeon Overview and Level Annotations

Branches:
Dungeon (1/15)

Altars:


Innate Abilities, Weirdness & Mutations

You have extremely sharp teeth.
When hurt, damage is shared between your health and your magic reserves.
Your bite disrupts and absorbs the magic of your enemies.
Potions cannot restore your health.


Message History

No target in view!
No target in view!
No target in view!
No target in view!
k - a staff of death You open the door.
There is an open door here.
You open the door.
There is an open door here.
A ball python comes into view.
Found 4 stones.
The ball python hisses angrily.
A ball python is nearby!
A ball python is nearby!
A gnoll comes into view. It is wielding a +0 club.
The gnoll shouts!
You hear an angry hiss.
The gnoll moves out of view.
A ball python comes into view.
A frilled lizard comes into view.
You closely miss the ball python. The ball python barely misses you. x2
The frilled lizard hisses angrily.
You hit the ball python.
You kill the ball python!
The gnoll hits you with a +0 club.
You barely miss the gnoll. The gnoll hits you with a +0 club.
You hit the gnoll. You bite the gnoll. You drain its power.
You feel invigorated.
The gnoll is heavily wounded.
The gnoll hits you with a +0 club.
You hit the gnoll.
The gnoll is severely wounded.
The ball python bites you but does no damage.
The ball python barely misses you. The gnoll hits you with a +0 club.
The ball python barely misses you. The ball python grabs you.
The ball python constricts you.
You hit the gnoll. Your bite misses the gnoll.
The gnoll is almost dead.
The gnoll hits you with a +0 club.
* * * LOW HITPOINT WARNING * * *
The ball python closely misses you. The ball python constricts you.
You die...

......................##
######.##'###'###'#####
#.#...#...#...#...
#.#...'...+...'...
#.#...#...#...#...
#.##############'#
###.#...#...#...#...
#.S.#...#...'...#...
#.#@#...#...#...#...
...#g##'###'###'###'#
#..# .l#...#...#...#...
..S# ...#...#.⌠.#.<.#...
... ...(#...#...#...#...
## ##.#.##'###'#######'#
#.#.#...#...#...#...
#.#.#...'...'...'...
#...#...#...#...


You could see a gnoll, a ball python and a frilled lizard.

Vanquished Creatures
  2 ball pythons (D:1)
  3 bats (D:1)
  2 endoplasms (D:1)
  A hobgoblin (D:1)
  A quokka (D:1)
  A frilled lizard (D:1)
  2 goblins (D:1)
  2 kobolds (D:1)
  A rat (D:1)
15 creatures vanquished.

Notes
Turn   | Place    | Note
-------+----------+-------------------------------------------
     0 | D:1      | Leeroy the Vine Stalker Warper began the quest for the Orb.
     0 | D:1      | Reached XP level 1. HP: 11/11 MP: 4/4
   143 | D:1      | Reached XP level 2. HP: 15/15 MP: 6/6
   356 | D:1      | Constricted to death by a ball python

Illustrated notes

Levels and vault maps discovered:
D:1:      co_arrival_random_square_maze, layout_rooms, serial_glass,
          glass_columns_c, glass_columns_b, chequers_avenue

Skill      XL: |  1 |
---------------+----+-----
Long Blades    | 2 |  2.8
Fighting       | |  1.7
Throwing       | |  0.8
Armour         | |  0.7
Dodging        | |  1.5
Spellcasting   | |  2.1
Translocations | |  3.0

Action                     || total
---------------------------++-------
  Melee: Falchion          ||    39
         Bite              ||     7
   Stab: Sleeping          ||     1
 Armour: Leather armour    ||    10
  Dodge: Dodged            ||    32

Table legend: (Time is in decaauts)
 A = Elapsed time spent in this place.
 B = Non-inter-level travel time spent in this place.
 C = Inter-level travel time spent in this place.
 D = Time resting spent in this place.
 E = Time spent auto-exploring this place.
 F = Levels seen in this place.
 G = Mean time per level.
                   A        B        C        D        E       F      G
               +--------+--------+--------+--------+--------+-----+--------+
         Total |    362 |    362 |      0 |      0 |    272 |   1 |  362.0 |
       Dungeon |    362 |    362 |      0 |      0 |    272 |   1 |  362.0 |
               +--------+--------+--------+--------+--------+-----+--------+

Top non-repeatable levels by time:
     D:1: 362 daAuts
